woodfighter, chaotic female human Ranger ----------- -----.........| |..`.....`.`..| ----.|.|.`.-----.| |....-----.`..--`| |......a`.`......| --^|....@a.--.--.| --^|--------|.||.| |..------...|.--.-- |(..^^^^^.``+.`...| ---------.<.|.....| |...|------ ----- woodfighter the Ranger Experience level: 6 Strength: 17 Dexterity: 11 Constitution: 14 Intelligence: 14 Wisdom: 13 Charisma: 7 Health: 0(42) Energy: 31(31) Def: 3 Gold: 0 Moves: 2713 Dungeon seed [set]: Game ID: woodfighter_1742419867 Your Inventory: Amulets O - a cursed amulet of strangulation Weapons a - an uncursed +1 dagger (alternate weapon; not wielded) b - an uncursed +2 bow (weapon in hand) c - 53 blessed +2 arrows (in quiver) d - 32 blessed +0 arrows S - 6 uncursed +0 arrows Armor e - an uncursed +2 cloak of displacement (being worn) q - a cursed -2 mummy wrapping x - a cursed +0 orcish helm z - a cursed -1 pair of levitation boots A - an uncursed +0 Uruk-hai shield N - a cursed -1 elven mithril-coat Y - an uncursed +0 orcish helm Comestibles f - 3 uncursed cram rations Q - 2 uncursed sprigs of wolfsbane Wands g - an uncursed wand of slow monster (0:3) U - an uncursed wand of light (0:14) Tools j - an uncursed brass lantern (0:1411) s - an uncursed sack B - an uncursed stethoscope Gems n - an uncursed worthless piece of white glass y - an uncursed worthless piece of yellowish brown glass Contents of the sack: 1503 gold pieces a [uncursed] scroll of enchant armor a [uncursed] scroll of identify a [cursed] scroll of identify a [uncursed] scroll of light 3 [uncursed] scrolls of scare monster a [uncursed] scroll of stinking cloud a [uncursed] spellbook of magic missile a [cursed] potion of blindness 2 [uncursed] potions of hallucination a [blessed] potion of hallucination a potion of holy water a [uncursed] potion of invisibility a [uncursed] potion of water Spells and supernatural/magical abilities: Name Level Category Fail Memory W - pray for help -- divine ? -- Your skills at the end: Miscellaneous Skills wands [Basic] Weapon Skills dagger [Basic] bow [Skilled] Spellcasting Skills Final Attributes: You were piously aligned. You had automatic searching. You were displaced. You were somewhat stealthy. You are dead. Vanquished creatures: a gnome king a dust vortex a gnome mummy 4 human zombies 3 bugbears an Uruk-hai 3 gnome lords a homunculus an iguana a rabid rat a centipede a giant bat 3 killer bees 6 gas spores a hobbit 2 acid blobs a large kobold 2 geckos 6 hobgoblins 7 giant rats 2 cave spiders a yellow mold a gnome 7 jackals a fox 5 newts 5 goblins 3 sewer rats 2 grid bugs a bat 7 lichens a kobold zombie 83 creatures vanquished. Voluntary challenges: You did not adorn yourself with jewelry or accessories. You did not cause conflict. You were not invisible. You did not have reflection. You were an atheist. You never hit with a wielded weapon. You did not apply a unicorn horn. You did not use plumbed fixtures. You did not drink any magical draughts. You were illiterate. You never genocided any monsters. You never polymorphed an object. You never changed form. You used no wishes. You did not use any artifacts. You never split a pudding. You never wrote Elbereth's name. You never violated your personal moral code. You enabled loading special bones files. Dungeon overview: The Dungeons of Doom: levels 1 to 8 Level 1 a fountain, a bench a long staircase Level 2 a fountain Level 3 stairs to The Gnomish Mines Level 4 a fountain Level 5 a vault, a fountain Level 6 many fountains Level 7 (box) a fountain, a sink, a throne stairs to Sokoban Level 8 The Gnomish Mines: Level 4 stairs to The Dungeons of Doom Sokoban: Level 6 <- You were here a magic chest stairs to The Dungeons of Doom History has recorded: On T:1 you entered the Dungeons of Doom to retrieve the Amulet of Yendor! On T:302 you reached level 2 of The Dungeons of Doom. On T:676 you reached level 3 of The Dungeons of Doom. On T:778 you advanced to experience level 2. On T:1055 you reached level 4 of The Dungeons of Doom. On T:1066 you advanced to experience level 3. On T:1247 you reached level 1 of The Gnomish Mines. On T:1424 you advanced to experience level 4. On T:1588 you reached level 5 of The Dungeons of Doom. On T:1749 you reached level 6 of The Dungeons of Doom. On T:2075 you advanced to experience level 5. On T:2292 you reached level 7 of The Dungeons of Doom. On T:2537 you advanced to experience level 6. On T:2590 you reached level 8 of The Dungeons of Doom. On T:2712 you reached level 4 of Sokoban. Score breakdown: Gold: 1503 ( 150 points) Experience: 6 levels ( 500 points) Exploration: 8 levels ( 210 points) Discoveries: 17 items ( 850 points) Variety of kills: 32 monsters ( 1600 points) Major goal: (nothing yet) ( 0 points) Survival: died (score multiplied by 3) Total score: 9930 Latest messages: The killer bee stings! <In what direction?: north> You shoot 2 arrows. The 1st arrow hits the killer bee! The 2nd arrow hits the killer bee. You kill the killer bee! c - 2 blessed +2 arrows (in quiver). c - a blessed +2 arrow (in quiver). You see here a killer bee corpse. There are a few objects here. (2x) <Pick up what?: (1 selected)> You have a little trouble lifting q - a mummy wrapping. Your movements are slowed slightly because of your load. <What do you want to drop? [a-gjnq-sx-zABNOQSUY or ?*]: r> You drop an iron skull cap. Your movements are now unencumbered. Open the Door The fire ant bites! (4x) You're on fire! <In what direction?: east> The arrow hits the fire ant. The fire ant bites! (2x) You're on fire! The fire ant bites! (2x) You're on fire! The fire ant bites! You die... <Untitled menu: no selections> <Spells and supernatural/magical abilities:: (none selected)> <Dungeon overview:: (none selected)> Final status: Goodbye woodfighter the Ranger, killed by a fire ant... You died in Sokoban on dungeon level 6 with 9930 points, and 1503 pieces of gold, after 2713 moves. You were level 6 with a maximum of 42 hit points when you died.